Map: Abyssal Reef LE

Players

Ememar

  • Race: Zerg Zerg
  • League: Grandmaster
  • Spawn Location: 5:00

SpeCial - Winner!

  • Race: Terran Terran
  • Spawn Location: 11:00

VOD

Have the link to the VOD?

Description

Time

  • Played on: Dec. 18, 2024, 1:01 p.m.
  • Length: 10:07
Show
View Real Time Build Order
Export as new Build Order

Ememar Zerg 

Build Orders: Hatch First 

Get SALT Encoding   

  12  0:00  Drone  
  13  0:09  Drone  
  13  0:14  Extractor, Drone  
  15  0:21  Overlord  
  15  0:40  Drone  
  16  0:46  Hatchery  
  16  0:49  Drone  
  16  0:53  Drone  
  17  0:57  Drone  
  18  1:07  Extractor  
  17  1:12  Spawning Pool  
  17  1:15  Drone  
  17  1:19  Drone  
  18  1:27  Drone  
  19  1:37  Drone  
  20  1:48  Overlord  
  20  1:59  Queen x2  
  20  2:00  Zergling x2  
  25  2:02  Zergling x2  
  26  2:11  Metabolic Boost  
  26  2:12  Drone  
  26  2:15  Drone  
  28  2:32  Hatchery  
  28  2:34  Drone  
  28  2:36  Drone  
  29  2:39  Drone  
  29  2:41  Drone  
  31  2:49  Queen  
  33  2:54  Overlord  
  33  2:58  Drone  
  34  2:59  Drone  
  34  3:01  Drone  
  34  3:05  Overlord  
  36  3:14  Queen  
  36  3:15  Drone  
  40  3:20  Drone x2  
  40  3:21  Drone  
  40  3:23  Drone  
  40  3:25  Drone  
  44  3:27  Drone  
  45  3:34  Drone  
  45  3:36  Queen  
  48  3:47  Zergling x8  
  52  3:49  Drone x2  
  52  3:52  Queen  
  56  3:56  Overlord  
  56  3:59  Overlord  
  56  4:04  Overlord  
  56  4:06  Drone x2  
  58  4:18  Queen  
  58  4:21  Drone x4, Overlord  
  58  4:22  Drone  
  65  4:24  Drone x2  
  65  4:26  Drone  
  65  4:28  Drone  
  69  4:32  Lair  
  69  4:34  Drone x2  
  71  4:41  Spore Crawler  
  71  4:42  Spore Crawler  
  71  4:43  Spore Crawler  
  71  4:44  Drone x2  
  70  4:50  Drone x4  
  74  5:03  Hatchery  
  73  5:10  Baneling Nest, Overlord  
  73  5:11  Drone x2  
  73  5:12  Hatchery  
  73  5:14  Drone x3  
  76  5:18  Drone x4  
  80  5:21  Drone x2  
  82  5:29  Overseer  
  82  5:31  Zergling x2  
  82  5:32  Zergling x8  
  87  5:39  Queen  
  87  5:41  Extractor  
  87  5:42  Extractor x2  
  86  5:43  Extractor, Overlord  
  86  5:44  Extractor, Overlord  
  86  5:45  Drone x6  
  90  6:05  Drone x2  
  90  6:06  Drone  
  90  6:08  Drone x11  
  104  6:11  Centrifugal Hooks  
  104  6:16  Drone x2  
  104  6:18  Evolution Chamber  
  105  6:19  Evolution Chamber  
  105  6:20  Drone x2  
  106  6:26  Drone  
  106  6:29  Spore Crawler  
  106  6:30  Overlord  
  106  6:33  Zergling x12  
  106  6:35  Hydralisk Den, Baneling x6  
  106  6:37  Zergling x2  
  106  6:38  Zergling x4  
  114  6:43  Zergling x4  
  114  6:44  Zergling x4  
  114  6:46  Zerg Ground Armor Level 1  
  114  6:47  Zerg Melee Weapons Level 1  
  118  6:48  Baneling x3  
  118  6:49  Baneling x5  
  118  6:58  Overlord x2  
  118  6:59  Zergling x16  
  126  7:02  Overlord  
  126  7:05  Muscular Augments  
  126  7:14  Baneling x8  
  127  7:22  Zergling x2  
  127  7:23  Zergling x32  
  127  7:25  Baneling x7  
  127  7:26  Baneling x7  
  143  7:32  Overlord  
  143  7:33  Overlord  
  143  7:35  Zergling x12  
  146  7:44  Zergling x8  
  137  7:54  Zergling x24  
  137  7:57  Zergling x12  
  122  8:01  Zergling x14  
  122  8:03  Baneling x4  
  119  8:05  Zergling x2  
  119  8:10  Zergling x10  
  120  8:13  Zergling x4  
  120  8:15  Zergling x2  
  120  8:16  Zergling x4  
  117  8:20  Baneling x8  
  117  8:24  Infestation Pit  
  117  8:26  Zergling x6  
  116  8:32  Zergling x10  
  121  8:46  Zergling x2  
  121  8:47  Zergling x14  
  129  8:52  Grooved Spines  
  129  9:01  Hatchery, Infestor x2  
  132  9:14  Baneling x6  
  132  9:21  Overlord  
  132  9:22  Drone x3  
  132  9:23  Drone x2  
  137  9:24  Drone  
  138  9:33  Baneling x2  
  138  9:34  Overlord, Baneling  
  138  9:35  Zergling x10  
  143  9:49  Zergling x24  
Show
View Real Time Build Order
Export as new Build Order

SpeCial Terran - Winner!

Build Orders: Reaper Expand, Hellion Banshee 

Get SALT Encoding   

  12  0:00  SCV  
  13  0:12  SCV  
  14  0:17  Supply Depot  
  14  0:24  SCV  
  15  0:39  SCV  
  15  0:41  Barracks  
  16  0:44  Refinery  
  16  0:51  SCV  
  17  1:03  SCV  
  18  1:15  SCV  
  19  1:28  Reaper  
  19  1:29  Orbital Command  
  20  1:42  Command Center  
  20  1:55  SCV, Supply Depot  
  20  2:00  Marine  
  22  2:07  SCV  
  23  2:19  Factory, SCV  
  24  2:23  Barracks Reactor  
  24  2:31  SCV  
  25  2:43  Command Center  
  25  2:48  SCV  
  26  2:56  Orbital Command  
  26  3:00  SCV  
  26  3:05  Starport  
  27  3:07  Refinery  
  27  3:13  SCV  
  27  3:19  Hellion x2  
  32  3:22  Barracks Tech Lab  
  32  3:25  SCV  
  32  3:26  SCV  
  34  3:37  SCV  
  34  3:38  SCV  
  36  3:42  Hellion x2  
  40  3:49  Banshee  
  40  3:51  Barracks Tech Lab  
  40  3:53  SCV x2  
  45  3:56  Orbital Command  
  45  4:05  Hellion x2  
  45  4:06  SCV  
  45  4:08  SCV  
  51  4:10  Stimpack  
  51  4:14  Marine  
  52  4:20  SCV x2, Supply Depot  
  54  4:30  Barracks  
  54  4:35  Factory Reactor  
  54  4:36  SCV x2  
  54  4:37  Barracks  
  56  4:41  Marine  
  56  4:42  Starport Reactor, Supply Depot  
  56  4:44  SCV  
  58  4:49  SCV x2  
  58  4:51  Orbital Command  
  58  4:52  Engineering Bay  
  60  4:53  Engineering Bay  
  60  4:55  Refinery  
  60  4:56  Refinery  
  60  4:59  Marine  
  62  5:01  SCV  
  62  5:04  Supply Depot  
  62  5:07  SCV  
  62  5:14  SCV  
  64  5:16  Marine  
  64  5:17  SCV  
  64  5:19  SCV  
  64  5:21  Terran Infantry Weapons Level 1, Terran Infantry Armor Level 1  
  67  5:23  Marine x2  
  67  5:26  SCV  
  70  5:29  SCV  
  70  5:33  SCV, Marine  
  70  5:34  Marine x2  
  70  5:35  Medivac x2  
  79  5:39  SCV  
  79  5:41  SCV, Marine x2  
  83  5:45  Supply Depot  
  83  5:47  Siege Tank  
  86  5:51  SCV, Marine x2  
  86  5:52  Combat Shield, Marine  
  90  5:57  SCV x2  
  90  5:59  Marine  
  93  6:05  Supply Depot  
  93  6:07  SCV, Marine  
  93  6:08  Supply Depot  
  93  6:09  Marine x2  
  93  6:10  SCV x2, Marine  
  100  6:17  Marine  
  101  6:25  Supply Depot  
  101  6:26  Siege Tank, Marine  
  101  6:27  Marine x2  
  101  6:29  Barracks  
  101  6:30  Barracks, Supply Depot  
  108  6:32  SCV  
  108  6:33  Armory  
  108  6:35  Marine x2  
  108  6:37  SCV  
  111  6:44  Marine  
  111  6:45  Marine  
  113  6:47  Medivac x2  
  113  6:48  SCV x2  
  113  6:49  SCV  
  120  6:54  Marine x3  
  123  7:03  Refinery, SCV x3, Supply Depot  
  123  7:04  Supply Depot  
  123  7:06  Siege Tank  
  129  7:12  Marine x3  
  129  7:13  Marine  
  133  7:16  Refinery  
  133  7:18  Factory  
  133  7:20  Barracks Reactor x2  
  133  7:22  Terran Infantry Weapons Level 2  
  133  7:26  Terran Infantry Armor Level 2  
  133  7:35  Marine x4  
  137  7:44  Marine  
  137  7:45  SCV  
  137  7:46  SCV  
  135  7:53  Marine x4  
  135  7:56  Marine x2  
  135  7:57  Siege Tank  
  121  7:58  Marine x2  
  121  8:02  Marine  
  121  8:04  Factory Tech Lab  
  121  8:11  SCV, Marine x4  
  120  8:13  Marine x2  
  120  8:15  Sensor Tower  
  120  8:16  Command Center, Marine x2  
  124  8:22  Marine  
  123  8:28  Marine x2  
  123  8:29  Medivac x2, Marine  
  123  8:30  Marine  
  123  8:31  Marine x2  
  123  8:34  SCV x2, Marine  
  135  8:39  Marine  
  135  8:40  Barracks, Marine  
  138  8:41  Barracks  
  138  8:42  Barracks  
  138  8:46  Marine x2  
  140  8:51  Siege Tank x2  
  146  8:56  Supply Depot  
  146  8:59  Supply Depot x2  
  146  9:01  Marine x3  
  149  9:18  Medivac x2, Marine x4  
  149  9:20  Marine x5  
  149  9:23  Siege Tank  
  149  9:24  SCV x3  
  168  9:38  Marauder  
  168  9:43  Marine x2  
  175  9:48  Marine  
Tags
 
Add a new tag
Caveats
  • Supply blocks, unpowered buildings, or Contaminate may cause inaccurate times.
  • Supply counts are checked every 10 seconds.